 Dungeon Crawl Stone Soup version 0.27-a0-1196-g3e9cee4cb2 (webtiles) character file.

Game seed: 13336307866059469904

75 Glokmah the Digger (level 4, 0/42 HPs)
             Began as an Ogre Earth Elementalist on May 28, 2021.
             Was an Initiate of Gozag.
             Slain by an orc
             ... wielding a +0 short sword
              (3 damage)
             ... on level 3 of the Dungeon.
             The game lasted 00:05:40 (3184 turns).

Glokmah the Digger (Ogre Earth Elementalist)        Turns: 3184, Time: 00:05:40

Health: 0/42       AC:  3    Str: 12    XL:     4   Next: 31%
Magic:  2/8        EV:  9    Int: 17    God:    Gozag
Gold:   352        SH:  0    Dex:  9    Spells: 3/9 levels left

rFire    . . .     SeeInvis .   f - +0 dagger
rCold    . . .     Faith    .   (no shield)
rNeg     . . .     Spirit   .   c - +0 robe
rPois    .         Reflect  .   (helmet restricted)
rElec    .         Harm     .   (no cloak)
rCorr    .         Rampage  .   (gloves unavailable)
Will     .....                  (boots unavailable)
Stlth    +.........             (no amulet)
HPRegen  0.14/turn              (no ring)
MPRegen  0.11/turn              (no ring)

@: very slightly contaminated
A: large, unfitting armour, tough skin 1
a: Renounce Religion, Potion Petition, Call Merchant, Bribe Branch


You were on level 3 of the Dungeon.
You worshipped Gozag.
Gozag was aware of your devotion.
You visited 1 branch of the dungeon, and saw 3 of its levels.

You collected 352 gold pieces.

Inventory:

Hand Weapons
 f - a +0 dagger (weapon)
Missiles
 a - 10 atropa-tipped darts
 d - 43 poisoned darts
Armour
 c - a +0 robe (worn)
Scrolls
 e - a scroll of identify
 i - a scroll of blinking
Potions
 g - a potion of brilliance
 h - a potion of magic
 k - a potion of heal wounds {unknown}


   Skills:
 + Level 2.0 Fighting
 - Level 1.7 Dodging
 - Level 1.4 Stealth
 + Level 3.0 Spellcasting
 * Level 0.2 Conjurations
 + Level 1.7 Transmutations
 * Level 3.5 Earth Magic


You had 3 spell levels left.
You knew the following spells:

 Your Spells              Type           Power      Damage    Failure   Level
a - Sandblast             Erth           28%        2d8       4%          1
b - Passwall              Tmut/Erth      9%         N/A       9%          2
c - Stone Arrow           Conj/Erth      16%        3d8       24%         3

Your spell library contained the following spells:

 Spells                   Type           Power      Damage    Failure   Level
 Petrify                  Tmut/Erth      11%        N/A       52%         4
 Lee's Rapid Deconstruct  Erth           7%         3d7*      75%         5


Dungeon Overview and Level Annotations

Branches:
Dungeon (3/15)

Altars:
Gozag

Annotations:
D:2 1 runed translucent door, Crazy Yiuf


Innate Abilities, Weirdness & Mutations

You are too large for most types of armour.
You have tough skin. (AC +1)


Message History

Casting: Stone Arrow (quite dangerous; 26% risk of failure)
Confirm with . or Enter, or press ? or * to list all spells.
Aiming: Sandblast (safe; 4% risk of failure)
Press: ? - help, Shift-Dir - straight line, f/p - adder
Aim: an adder (almost dead, 66% to hit)
The blast of sand hits the adder.
You kill the adder!
You now have no stones remaining.
The orc shouts!
You feel sick.
You hear a shout!
Casting: Sandblast (safe; 4% risk of failure)
Confirm with . or Enter, or press ? or * to list all spells.
The spell is quite dangerous to cast (24% risk of failure)!
Continue anyway?
Aiming: Stone Arrow (quite dangerous; 24% risk of failure)
Press: ? - help, Shift-Dir - straight line, f - orc
Aim: an orc, wielding a +0 short sword (64% to hit)
You miscast Stone Arrow.
You are very lightly contaminated with residual magic.
Nothing appears to happen.
You feel sick. The orc hits you with a +0 short sword.
* * * LOW HITPOINT WARNING * * *
Casting: Stone Arrow (quite dangerous; 24% risk of failure)
Confirm with . or Enter, or press ? or * to list all spells.
You don't have any stones to cast with.
You closely miss the orc.
You feel sick. The orc hits you with a +0 short sword.
* * * LOW HITPOINT WARNING * * *
You barely miss the orc.
You feel sick. The orc hits you with a +0 short sword.
* * * LOW HITPOINT WARNING * * *
You feel better. The orc hits you with a +0 short sword.
* * * LOW HITPOINT WARNING * * *
You hit the orc but do no damage. The orc closely misses you.
You closely miss the orc. The orc hits you with a +0 short sword.
* * * LOW HITPOINT WARNING * * *
You closely miss the orc.
The orc sings a few bars from the Orcish anthem.
The orc hits you with a +0 short sword.
You die...
Your body crumbles into a pile of gold.

#<####
##....###
#.......##
......#...#..#
.###.###.###.#
#. ###...# #.
###.#########
. #........≈.≈
.
#[..#.@###≈.#
##.###o# ##
..# ##.. ....
.<..# ....#
.#+###


You could see an orc.

Vanquished Creatures
  An adder (D:3)
  3 worms (D:2)
  2 dart slugs
  5 endoplasms
  A giant cockroach (D:2)
  2 goblins
  2 hobgoblins
  14 jackals
  3 kobolds
  5 ball pythons
  2 bats
  3 frilled lizards
  5 rats
48 creatures vanquished.

Vanquished Creatures (collateral kills)
  A bat (D:2)
1 creature vanquished.

Grand Total: 49 creatures vanquished

Notes
Turn   | Place    | Note
-------+----------+-------------------------------------------
     0 | D:1      | Glokmah the Ogre Earth Elementalist began the quest for the
                  | Orb.
     0 | D:1      | Reached XP level 1. HP: 16/16 MP: 3/3
    46 | D:1      | Found a faded altar of an unknown god.
    51 | D:1      | Became a worshipper of Gozag Ym Sagoz the Greedy
   120 | D:1      | Reached skill level 1 in Transmutations
   346 | D:1      | Reached XP level 2. HP: 26/26 MP: 2/5
   376 | D:1      | Learned a level 2 spell: Passwall
   586 | D:1      | Reached skill level 1 in Fighting
  1067 | D:1      | Reached XP level 3. HP: 28/33 MP: 7/7
  1595 | D:2      | Learned a level 3 spell: Stone Arrow
  2153 | D:2      | Reached XP level 4. HP: 30/42 MP: 3/8
  2841 | D:2      | Found a runed translucent door.
  2842 | D:2      | Noticed Crazy Yiuf
  3180 | D:3      | HP: 2/42 [orc/+0 short sword (6)]
  3184 | D:3      | Slain by an orc

Illustrated notes

Levels and vault maps discovered:
D:1:      dpeg_arrival_stonehenge_8_columns, layout_basic,
          ebering_ecumenical_altar_petrified
D:2:      layout_loops_ring, minmay_pentomino_z4, uniq_crazy_yiuf_cottage
D:3:      layout_basic, nicolae_hepliaklqana_hazy_memory, portal_sewer_entry_e,
          chequers_serial_rivers_marsh, minmay_misc_feat_pillars, minmay_between

Skill      XL: |  1  2  3  4 |
---------------+-------------+-----
Transmutations | 1 |  1.7
Fighting       | 1 2 |  2.0
Earth Magic    | 3 |  3.5
Spellcasting   | 3 |  3.0
Dodging        | |  1.7
Stealth        | |  1.4
Conjurations   | |  0.2

Action                   |  1- 3 |  4- 6 || total
-------------------------+-------+-------++-------
Melee: Unarmed           |     8 |       ||     8
       Dagger            |   125 |    52 ||   177
 Cast: Sandblast         |    29 |     5 ||    34
       Stone Arrow       |       |     1 ||     1
  Use: Scroll            |     2 |     3 ||     5
       Potion            |       |     1 ||     1
 Stab: Sleeping          |     2 |     1 ||     3
Armor: Robe              |    53 |    16 ||    69
Dodge: Dodged            |    65 |    18 ||    83

Table legend: (Time is in decaauts)
 A = Elapsed time spent in this place.
 B = Non-inter-level travel time spent in this place.
 C = Inter-level travel time spent in this place.
 D = Time resting spent in this place.
 E = Time spent auto-exploring this place.
 F = Levels seen in this place.
 G = Mean time per level.
                   A        B        C        D        E       F      G
               +--------+--------+--------+--------+--------+-----+--------+
         Total |   3183 |   3128 |     55 |    266 |   2246 |   3 | 1061.0 |
       Dungeon |   3183 |   3128 |     55 |    266 |   2246 |   3 | 1061.0 |
               +--------+--------+--------+--------+--------+-----+--------+

Top non-repeatable levels by time:
     D:2: 1614 daAuts
     D:1: 1528 daAuts
     D:3: 39 daAuts
